[ AOE2 MATCH · #466617153 ]
UnrankedGeorgians vs Ethiopians
[ REPLAY ANALYSIS · EXTRACTED FROM THE RECORDED GAME ]
Feudal
—
Castle
—
Imperial
—
| APM avg | 70.7 |
| APM peak | 130 |
| eAPM avg | 30.9 |
| Villagers / military | 160 / 145 |
Focus
⚔️ 45.0% · 🌾 55.0%
Knight ×130 · Scout Cavalry ×15
Feudal
10:15
Castle
29:01
Imperial
43:45
| APM avg | 35.1 |
| APM peak | 97 |
| eAPM avg | 17.3 |
| Villagers / military | 90 / 102 |
Focus
⚔️ 37.8% · 🌾 62.2%
Archer ×101 · Mangonel ×1
Feudal
9:15
Castle
25:11
Imperial
—
| APM avg | 59.1 |
| APM peak | 103 |
| eAPM avg | 23.3 |
| Villagers / military | 91 / 138 |
Focus
⚔️ 33.8% · 🌾 66.2%
Archer ×138
Feudal
9:19
Castle
22:50
Imperial
—
| APM avg | 51.4 |
| APM peak | 114 |
| eAPM avg | 20.6 |
| Villagers / military | 153 / 169 |
Focus
⚔️ 37.0% · 🌾 63.0%
Archer ×159 · Battering Ram ×4 · Spearman ×3 · Fire Lancer ×2 · Iron Pagoda ×1
Feudal
9:16
Castle
27:51
Imperial
—
| APM avg | 35.1 |
| APM peak | 66 |
| eAPM avg | 16.2 |
| Villagers / military | 73 / 53 |
Focus
⚔️ 53.2% · 🌾 46.8%
Knight ×38 · Scout Cavalry ×12 · Spearman ×2 · Monk ×1
Feudal
8:26
Castle
24:23
Imperial
43:29
| APM avg | 60.2 |
| APM peak | 102 |
| eAPM avg | 31.9 |
| Villagers / military | 141 / 113 |
Focus
⚔️ 28.9% · 🌾 71.1%
Knight ×63 · Camel Scout ×29 · Scout Cavalry ×16 · Spearman ×4 · War Elephant ×1
Feudal
9:22
Castle
24:54
Imperial
—
| APM avg | 50.1 |
| APM peak | 124 |
| eAPM avg | 16.9 |
| Villagers / military | 97 / 113 |
Focus
⚔️ 40.3% · 🌾 59.7%
Knight ×95 · Scout Cavalry ×12 · Spearman ×6
Feudal
10:27
Castle
24:45
Imperial
—
| APM avg | 57.0 |
| APM peak | 101 |
| eAPM avg | 28.4 |
| Villagers / military | 89 / 55 |
Focus
⚔️ 24.2% · 🌾 75.8%
Kipchak ×53 · Archer ×1 · Skirmisher ×1
Match map
Initial resources + every placement click. Lines = walls · curves = elevation contours. ◆ gold · ⬟ stone · ● berries · ✦ relic · ◌ wall gap
Your base· Open — 1t gap
Crixus's base· ✓ Closed at 29:01 · 32t walls · 1 gate(s)
VkA | LimaoNub's base· ✓ Closed at 25:11 · 45t walls · no gate
AxD | Kurumi 002's base· Open — 1t gap
VkA | Kaizen 改 善's base· Open — 6t gap
[GGnT] Nanito_Uy's base· ✓ Closed at 24:23 · 43t walls · no gate
VkA | God_VkA's base· ✓ Closed at 24:54 · 55t walls · 1 gate(s)
VkA | GuiB's base· Open — 3t gap
Smoothed initial terrain · ◌ = detected wall gap · hover for details
Inputs per minute
— KTeuton3666 - - Crixus
Build order — KTeuton3666
First 150 of 485 actions detected
| 0:00 | Create | Villager (Male) |
| 0:02 | Build | House |
| 0:03 | Build | House |
| 0:18 | Create | Villager (Male) |
| 0:50 | Create | Villager (Male) |
| 0:50 | Create | Villager (Male) |
| 1:21 | Create | Villager (Male) |
| 1:49 | Create | Villager (Male) |
| 2:25 | Create | Villager (Male) |
| 2:49 | Create | Villager (Male) |
| 3:07 | Create | Villager (Male) |
| 3:30 | Create | Villager (Male) |
| 3:55 | Create | Villager (Male) |
| 3:55 | Create | Villager (Male) |
| 3:57 | Build | House |
| 4:08 | Create | Villager (Male) |
| 4:22 | Create | Villager (Male) |
| 4:24 | Create | Villager (Male) |
| 4:27 | Build | Mill |
| 5:02 | Create | Villager (Male) |
| 5:41 | Create | Villager (Male) |
| 6:12 | Research | Loom |
| 6:33 | Research | Feudal Age |
| 7:23 | Build | House |
| 7:39 | Create | Villager (Male) |
| 7:44 | Build | Barracks |
| 8:55 | Build | Stable |
| 9:01 | Research | Double-Bit Axe |
| 9:03 | Create | Villager (Male) |
| 9:13 | Build | Farm |
| 9:16 | Build | Farm |
| 9:27 | Create | Villager (Male) |
| 9:32 | Build | Farm |
| 9:35 | Create | Scout Cavalry |
| 9:39 | Build | House |
| 9:44 | Create | Scout Cavalry |
| 10:07 | Create | Villager (Male) |
| 10:17 | Build | Farm |
| 10:19 | Build | Farm |
| 10:23 | Build | Farm |
| 10:25 | Create | Villager (Male) |
| 10:44 | Build | House |
| 10:45 | Create | Villager (Male) |
| 10:58 | Create | Scout Cavalry |
| 11:00 | Build | Farm |
| 11:18 | Create | Villager (Male) |
| 11:40 | Create | Villager (Male) |
| 11:43 | Create | Scout Cavalry |
| 11:46 | Build | Farm |
| 11:48 | Build | Farm |
| 11:55 | Create | Villager (Male) |
| 11:56 | Build | Farm |
| 11:59 | Build | Farm |
| 12:09 | Build | Farm |
| 12:13 | Build | Farm |
| 12:16 | Build | Farm |
| 12:17 | Create | Villager (Male) |
| 12:23 | Build | House |
| 12:25 | Create | Villager (Male) |
| 12:28 | Create | Scout Cavalry |
| 12:42 | Create | Villager (Male) |
| 12:54 | Create | Scout Cavalry |
| 13:07 | Build | Blacksmith |
| 13:09 | Create | Scout Cavalry |
| 13:23 | Create | Villager (Male) |
| 13:38 | Create | Scout Cavalry |
| 13:49 | Create | Scout Cavalry |
| 13:53 | Create | Villager (Male) |
| 14:08 | Research | Horse Collar |
| 14:09 | Create | Villager (Male) |
| 14:12 | Build | Farm |
| 14:18 | Build | Farm |
| 14:27 | Create | Scout Cavalry |
| 14:54 | Create | Scout Cavalry |
| 14:56 | Create | Scout Cavalry |
| 15:08 | Create | Villager (Male) |
| 15:08 | Create | Villager (Male) |
| 15:14 | Research | Scale Barding Armor |
| 15:25 | Build | Mule Cart |
| 15:35 | Build | Mule Cart |
| 15:42 | Create | Villager (Male) |
| 15:56 | Create | Villager (Male) |
| 16:24 | Research | Wheelbarrow |
| 16:34 | Build | Palisade Wall |
| 16:36 | Build | Palisade Wall |
| 16:39 | Build | Palisade Wall |
| 16:40 | Build | Palisade Wall |
| 16:42 | Build | Palisade Wall |
| 16:44 | Build | Palisade Wall |
| 16:46 | Create | Villager (Male) |
| 16:50 | Build | Palisade Wall |
| 16:51 | Build | Palisade Wall |
| 17:07 | Build | Farm |
| 17:09 | Build | Farm |
| 17:13 | Research | Forging |
| 17:53 | Create | Villager (Male) |
| 18:06 | Build | Farm |
| 18:07 | Build | Farm |
| 18:15 | Build | House |
| 18:57 | Create | Villager (Male) |
| 19:07 | Build | Farm |
| 19:34 | Research | Castle Age |
| 19:42 | Build | Stable |
| 19:45 | Build | Farm |
| 19:55 | Build | Farm |
| 20:19 | Build | Farm |
| 20:33 | Build | Palisade Wall |
| 20:59 | Build | Farm |
| 21:01 | Research | Bloodlines |
| 21:06 | Create | Scout Cavalry |
| 21:07 | Create | Scout Cavalry |
| 21:09 | Create | Scout Cavalry |
| 21:32 | Build | Farm |
| 22:16 | Create | Knight |
| 22:16 | Create | Knight |
| 22:17 | Create | Villager (Male) |
| 22:19 | Research | Chain Barding Armor |
| 22:27 | Create | Knight |
| 22:34 | Research | Bow Saw |
| 22:39 | Build | Farm |
| 22:40 | Build | Farm |
| 22:41 | Build | Farm |
| 22:49 | Create | Knight |
| 22:53 | Create | Villager (Male) |
| 22:59 | Create | Knight |
| 22:59 | Create | Knight |
| 23:15 | Build | Farm |
| 23:17 | Create | Villager (Male) |
| 23:30 | Create | Knight |
| 23:33 | Build | House |
| 23:39 | Create | Knight |
| 23:39 | Create | Knight |
| 23:46 | Create | Villager (Male) |
| 23:52 | Build | House |
| 23:53 | Build | House |
| 24:00 | Research | Iron Casting |
| 24:06 | Create | Knight |
| 24:15 | Create | Villager (Male) |
| 24:20 | Build | Monastery |
| 24:21 | Create | Villager (Male) |
| 24:31 | Create | Villager (Male) |
| 24:34 | Create | Knight |
| 24:34 | Create | Knight |
| 24:57 | Create | Villager (Male) |
| 25:04 | Build | Monastery |
| 25:08 | Build | Farm |
| 25:10 | Create | Knight |
| 25:20 | Create | Villager (Male) |
| 25:23 | Research | Gold Mining |
| 25:31 | Create | Knight |
Build order — Crixus
First 150 of 299 actions detected
| 0:00 | Create | Villager (Male) |
| 0:01 | Create | Villager (Male) |
| 0:02 | Build | House |
| 0:04 | Build | House |
| 0:22 | Create | Villager (Male) |
| 0:30 | Create | Villager (Male) |
| 1:17 | Create | Villager (Male) |
| 2:11 | Create | Villager (Male) |
| 2:12 | Create | Villager (Male) |
| 2:17 | Build | Lumber Camp |
| 2:45 | Build | House |
| 2:48 | Build | House |
| 2:54 | Create | Villager (Male) |
| 2:55 | Create | Villager (Male) |
| 2:55 | Create | Villager (Male) |
| 3:25 | Build | Palisade Wall |
| 3:28 | Create | Villager (Male) |
| 4:30 | Create | Villager (Male) |
| 4:34 | Create | Villager (Male) |
| 5:02 | Create | Villager (Male) |
| 5:36 | Create | Villager (Male) |
| 5:54 | Create | Villager (Male) |
| 5:54 | Create | Villager (Male) |
| 6:05 | Create | Villager (Male) |
| 6:06 | Create | Villager (Male) |
| 6:17 | Build | Mill |
| 6:18 | Create | Villager (Male) |
| 6:52 | Research | Loom |
| 7:15 | Build | Mining Camp |
| 7:49 | Build | House |
| 7:54 | Build | House |
| 8:05 | Research | Feudal Age |
| 8:31 | Build | Barracks |
| 8:40 | Create | Villager (Male) |
| 9:02 | Create | Villager (Male) |
| 9:10 | Build | House |
| 9:16 | Build | Palisade Wall |
| 10:15 | Age | Feudal Age |
| 10:16 | Research | Double-Bit Axe |
| 10:19 | Build | Archery Range |
| 10:34 | Build | Archery Range |
| 10:46 | Create | Villager (Male) |
| 11:06 | Build | Blacksmith |
| 11:08 | Create | Villager (Male) |
| 11:20 | Create | Archer |
| 11:28 | Build | Gate |
| 11:29 | Create | Archer |
| 11:30 | Create | Villager (Male) |
| 11:49 | Create | Villager (Male) |
| 11:54 | Build | House |
| 11:56 | Build | Palisade Wall |
| 11:57 | Create | Archer |
| 12:03 | Research | Gold Mining |
| 12:07 | Create | Archer |
| 12:13 | Build | Mill |
| 12:15 | Create | Villager (Male) |
| 12:27 | Build | Palisade Wall |
| 12:33 | Build | Palisade Wall |
| 12:46 | Build | House |
| 12:49 | Build | Palisade Wall |
| 12:50 | Create | Archer |
| 12:51 | Create | Villager (Male) |
| 12:51 | Create | Villager (Male) |
| 12:57 | Build | Palisade Wall |
| 13:10 | Create | Archer |
| 13:36 | Research | Fletching |
| 13:56 | Create | Archer |
| 14:12 | Create | Villager (Male) |
| 14:12 | Create | Archer |
| 14:19 | Build | House |
| 14:21 | Build | House |
| 14:27 | Create | Archer |
| 14:46 | Create | Archer |
| 14:47 | Create | Villager (Male) |
| 15:09 | Create | Archer |
| 15:10 | Create | Archer |
| 15:10 | Create | Villager (Male) |
| 15:20 | Build | Farm |
| 15:22 | Build | Farm |
| 15:30 | Create | Archer |
| 15:43 | Create | Archer |
| 15:43 | Create | Villager (Male) |
| 15:51 | Create | Archer |
| 15:51 | Create | Villager (Male) |
| 16:11 | Create | Archer |
| 16:37 | Create | Villager (Male) |
| 16:48 | Build | Farm |
| 16:50 | Build | Farm |
| 16:50 | Build | Farm |
| 16:51 | Build | Farm |
| 16:52 | Build | Farm |
| 16:59 | Create | Archer |
| 17:14 | Build | House |
| 17:15 | Create | Archer |
| 17:15 | Create | Villager (Male) |
| 17:25 | Create | Villager (Male) |
| 17:26 | Create | Archer |
| 17:26 | Create | Archer |
| 17:37 | Build | House |
| 17:56 | Create | Archer |
| 17:57 | Create | Villager (Male) |
| 17:57 | Create | Villager (Male) |
| 18:04 | Create | Archer |
| 18:15 | Create | Archer |
| 18:22 | Create | Archer |
| 18:23 | Create | Villager (Male) |
| 18:35 | Create | Archer |
| 18:35 | Create | Villager (Male) |
| 18:55 | Create | Villager (Male) |
| 19:11 | Build | Lumber Camp |
| 19:33 | Build | House |
| 19:38 | Create | Archer |
| 19:39 | Create | Villager (Male) |
| 19:44 | Create | Archer |
| 19:52 | Build | Farm |
| 19:52 | Build | Farm |
| 19:53 | Build | Farm |
| 19:53 | Build | Farm |
| 19:54 | Build | Farm |
| 19:54 | Build | Farm |
| 19:54 | Build | Farm |
| 19:54 | Build | Farm |
| 20:21 | Build | House |
| 20:22 | Create | Archer |
| 20:22 | Create | Archer |
| 20:38 | Build | House |
| 20:38 | Create | Archer |
| 20:39 | Create | Villager (Male) |
| 20:43 | Build | Farm |
| 20:45 | Build | Farm |
| 20:48 | Research | Wheelbarrow |
| 21:27 | Research | Padded Archer Armor |
| 21:32 | Build | Watch Tower |
| 21:40 | Build | House |
| 22:47 | Build | House |
| 22:48 | Create | Archer |
| 22:48 | Create | Archer |
| 22:55 | Create | Villager (Male) |
| 23:05 | Build | Farm |
| 23:05 | Create | Villager (Male) |
| 23:28 | Build | Farm |
| 23:46 | Build | Stone Wall |
| 23:51 | Build | House |
| 23:51 | Create | Archer |
| 23:52 | Create | Archer |
| 23:52 | Create | Villager (Male) |
| 24:14 | Build | Stone Wall |
| 24:16 | Create | Archer |
| 24:16 | Create | Villager (Male) |
| 24:17 | Create | Villager (Male) |
Build order — VkA | LimaoNub
First 150 of 349 actions detected
| 0:02 | Create | Villager (Male) |
| 0:04 | Build | House |
| 0:05 | Build | House |
| 0:09 | Build | House |
| 0:18 | Create | Villager (Male) |
| 0:18 | Create | Villager (Male) |
| 0:18 | Create | Villager (Male) |
| 1:32 | Create | Villager (Male) |
| 1:57 | Build | Lumber Camp |
| 2:02 | Create | Villager (Male) |
| 2:21 | Create | Villager (Male) |
| 2:47 | Create | Villager (Male) |
| 3:17 | Create | Villager (Male) |
| 3:38 | Create | Villager (Male) |
| 3:54 | Build | House |
| 4:03 | Create | Villager (Male) |
| 4:29 | Create | Villager (Male) |
| 4:29 | Create | Villager (Male) |
| 5:04 | Create | Villager (Male) |
| 5:11 | Create | Villager (Male) |
| 5:14 | Research | Loom |
| 5:45 | Build | Palisade Wall |
| 6:28 | Build | Mining Camp |
| 7:05 | Research | Feudal Age |
| 7:43 | Build | Barracks |
| 8:23 | Build | House |
| 9:00 | Create | Villager (Male) |
| 9:15 | Age | Feudal Age |
| 9:16 | Build | House |
| 9:22 | Build | Archery Range |
| 9:27 | Create | Villager (Male) |
| 9:28 | Research | Double-Bit Axe |
| 9:39 | Build | Palisade Wall |
| 9:56 | Build | Mill |
| 10:15 | Create | Archer |
| 10:22 | Build | House |
| 10:25 | Create | Archer |
| 10:28 | Create | Villager (Male) |
| 10:42 | Create | Archer |
| 10:48 | Build | Palisade Wall |
| 10:51 | Build | Palisade Wall |
| 10:52 | Build | Palisade Wall |
| 10:59 | Build | Palisade Wall |
| 11:07 | Build | Farm |
| 11:15 | Build | Farm |
| 11:23 | Build | Farm |
| 11:28 | Build | House |
| 11:33 | Create | Archer |
| 11:48 | Create | Villager (Male) |
| 11:54 | Create | Villager (Male) |
| 11:58 | Build | Palisade Wall |
| 12:02 | Build | Palisade Wall |
| 12:07 | Create | Archer |
| 12:30 | Build | Farm |
| 12:43 | Build | Farm |
| 12:45 | Create | Villager (Male) |
| 12:59 | Build | House |
| 13:00 | Build | Palisade Wall |
| 13:05 | Create | Villager (Male) |
| 13:39 | Create | Villager (Male) |
| 13:44 | Build | Blacksmith |
| 13:47 | Create | Archer |
| 14:00 | Create | Villager (Male) |
| 14:06 | Create | Archer |
| 14:21 | Create | Villager (Male) |
| 14:25 | Build | House |
| 14:55 | Research | Fletching |
| 15:08 | Build | House |
| 15:12 | Build | Archery Range |
| 15:14 | Create | Archer |
| 15:14 | Create | Archer |
| 15:19 | Build | Watch Tower |
| 15:26 | Create | Archer |
| 15:27 | Create | Archer |
| 15:35 | Create | Villager (Male) |
| 15:38 | Build | Farm |
| 16:15 | Create | Archer |
| 16:16 | Create | Archer |
| 16:27 | Build | Farm |
| 16:28 | Build | Farm |
| 16:38 | Build | House |
| 16:41 | Build | Farm |
| 16:47 | Create | Villager (Male) |
| 16:55 | Research | Padded Archer Armor |
| 16:56 | Create | Archer |
| 16:56 | Create | Archer |
| 16:57 | Create | Archer |
| 17:04 | Create | Villager (Male) |
| 17:15 | Build | Farm |
| 17:28 | Build | House |
| 17:37 | Create | Villager (Male) |
| 17:38 | Create | Archer |
| 17:49 | Build | Farm |
| 17:53 | Create | Villager (Male) |
| 17:57 | Create | Archer |
| 17:57 | Create | Archer |
| 18:02 | Build | House |
| 18:13 | Build | Farm |
| 18:23 | Create | Villager (Male) |
| 18:34 | Build | House |
| 18:35 | Create | Archer |
| 18:36 | Create | Archer |
| 19:13 | Create | Villager (Male) |
| 19:14 | Create | Villager (Male) |
| 19:17 | Build | Market |
| 19:27 | Create | Villager (Male) |
| 19:31 | Create | Archer |
| 19:50 | Build | Farm |
| 19:58 | Create | Archer |
| 19:59 | Create | Archer |
| 20:16 | Build | Farm |
| 20:21 | Create | Villager (Male) |
| 20:22 | Create | Villager (Male) |
| 21:26 | Create | Villager (Male) |
| 21:34 | Build | Farm |
| 22:19 | Build | Farm |
| 22:31 | Research | Castle Age |
| 22:34 | Create | Archer |
| 22:34 | Create | Archer |
| 22:44 | Build | Lumber Camp |
| 22:50 | Build | House |
| 22:56 | Create | Archer |
| 23:10 | Build | House |
| 23:14 | Build | House |
| 23:18 | Create | Archer |
| 23:18 | Create | Archer |
| 23:22 | Build | Archery Range |
| 23:30 | Build | Lumber Camp |
| 23:33 | Create | Archer |
| 23:37 | Research | Gold Mining |
| 23:38 | Research | Horse Collar |
| 23:50 | Create | Archer |
| 24:02 | Create | Archer |
| 24:03 | Create | Archer |
| 24:20 | Research | Scale Mail Armor |
| 24:41 | Create | Archer |
| 24:41 | Create | Archer |
| 24:50 | Build | Farm |
| 24:52 | Build | Farm |
| 25:01 | Build | House |
| 25:02 | Build | House |
| 25:04 | Build | House |
| 25:05 | Build | House |
| 25:11 | Age | Castle Age |
| 25:13 | Research | Crossbowman (upgrade) |
| 25:14 | Research | Bodkin Arrow |
| 25:14 | Research | Bodkin Arrow |
| 25:16 | Create | Villager (Male) |
| 25:22 | Create | Archer |
| 25:22 | Create | Archer |
Build order — AxD | Kurumi 002
First 150 of 380 actions detected
| 0:02 | Research | Loom |
| 0:02 | Research | Loom |
| 0:47 | Create | Villager (Male) |
| 0:47 | Create | Villager (Male) |
| 1:13 | Create | Villager (Male) |
| 1:13 | Create | Villager (Male) |
| 1:14 | Create | Villager (Male) |
| 1:47 | Create | Villager (Male) |
| 1:48 | Create | Villager (Male) |
| 1:56 | Build | Lumber Camp |
| 2:12 | Create | Villager (Male) |
| 2:12 | Create | Villager (Male) |
| 2:31 | Create | Villager (Male) |
| 2:32 | Create | Villager (Male) |
| 2:47 | Create | Villager (Male) |
| 2:47 | Create | Villager (Male) |
| 3:36 | Create | Villager (Male) |
| 3:36 | Create | Villager (Male) |
| 3:42 | Create | Villager (Male) |
| 4:12 | Build | House |
| 4:27 | Create | Villager (Male) |
| 4:39 | Build | House |
| 5:21 | Create | Villager (Male) |
| 6:04 | Create | Villager (Male) |
| 6:40 | Build | Mining Camp |
| 6:44 | Create | Villager (Male) |
| 7:06 | Research | Feudal Age |
| 8:02 | Build | Barracks |
| 9:19 | Age | Feudal Age |
| 9:26 | Build | Archery Range |
| 9:30 | Create | Spearman |
| 9:32 | Create | Villager (Male) |
| 9:44 | Research | Double-Bit Axe |
| 9:45 | Research | Double-Bit Axe |
| 10:09 | Create | Villager (Male) |
| 10:15 | Build | Archery Range |
| 10:16 | Create | Archer |
| 10:20 | Create | Villager (Male) |
| 10:30 | Build | Mill |
| 10:41 | Create | Archer |
| 10:41 | Create | Archer |
| 10:43 | Create | Villager (Male) |
| 11:02 | Build | House |
| 11:04 | Build | House |
| 11:07 | Create | Archer |
| 11:07 | Create | Archer |
| 11:11 | Research | Town Watch |
| 11:11 | Create | Villager (Male) |
| 11:15 | Build | Farm |
| 11:40 | Create | Archer |
| 11:40 | Create | Archer |
| 11:57 | Create | Archer |
| 12:14 | Create | Villager (Male) |
| 12:16 | Build | Blacksmith |
| 12:22 | Create | Archer |
| 12:22 | Create | Archer |
| 12:24 | Create | Villager (Male) |
| 12:28 | Build | Farm |
| 12:52 | Research | Fletching |
| 13:01 | Build | Farm |
| 13:07 | Build | House |
| 13:27 | Create | Villager (Male) |
| 13:28 | Build | Farm |
| 13:30 | Build | Farm |
| 13:42 | Build | House |
| 13:44 | Create | Archer |
| 13:44 | Create | Archer |
| 14:01 | Create | Villager (Male) |
| 14:04 | Build | Farm |
| 14:14 | Create | Archer |
| 14:14 | Create | Archer |
| 14:25 | Create | Villager (Male) |
| 14:29 | Build | Palisade Wall |
| 14:32 | Build | Farm |
| 14:33 | Create | Villager (Male) |
| 14:38 | Create | Archer |
| 14:38 | Create | Archer |
| 14:53 | Create | Villager (Male) |
| 14:56 | Build | Farm |
| 15:00 | Build | House |
| 15:05 | Create | Archer |
| 15:06 | Create | Archer |
| 15:26 | Create | Spearman |
| 15:47 | Build | House |
| 15:48 | Create | Villager (Male) |
| 16:07 | Create | Archer |
| 16:08 | Create | Archer |
| 16:16 | Build | House |
| 16:19 | Create | Spearman |
| 16:22 | Build | Palisade Wall |
| 16:28 | Create | Villager (Male) |
| 16:32 | Build | Farm |
| 16:40 | Build | Palisade Wall |
| 16:49 | Create | Villager (Male) |
| 17:12 | Create | Villager (Male) |
| 17:38 | Create | Villager (Male) |
| 17:41 | Build | Farm |
| 17:42 | Build | Farm |
| 17:53 | Create | Villager (Male) |
| 17:55 | Create | Archer |
| 17:55 | Create | Archer |
| 18:10 | Create | Villager (Male) |
| 18:30 | Build | Market |
| 18:32 | Create | Villager (Male) |
| 18:35 | Build | Farm |
| 18:45 | Build | Palisade Wall |
| 18:49 | Create | Villager (Male) |
| 18:59 | Build | Farm |
| 19:00 | Build | Farm |
| 19:02 | Create | Villager (Male) |
| 19:10 | Create | Archer |
| 19:11 | Create | Archer |
| 19:19 | Build | Palisade Wall |
| 19:27 | Create | Archer |
| 19:27 | Create | Archer |
| 19:31 | Create | Villager (Male) |
| 19:37 | Create | Archer |
| 19:37 | Create | Archer |
| 19:56 | Build | House |
| 19:59 | Build | Palisade Wall |
| 20:06 | Research | Wheelbarrow |
| 20:10 | Research | Castle Age |
| 20:10 | Research | Castle Age |
| 20:15 | Create | Archer |
| 20:16 | Create | Archer |
| 20:33 | Build | Lumber Camp |
| 20:40 | Create | Archer |
| 20:40 | Create | Archer |
| 21:35 | Build | Farm |
| 21:38 | Create | Archer |
| 21:38 | Create | Archer |
| 21:47 | Build | Palisade Gate |
| 21:54 | Build | House |
| 21:55 | Build | House |
| 22:22 | Build | House |
| 22:22 | Build | House |
| 22:29 | Build | House |
| 22:50 | Age | Castle Age |
| 22:52 | Build | Palisade Wall |
| 22:53 | Research | Crossbowman (upgrade) |
| 22:53 | Research | Crossbowman (upgrade) |
| 22:54 | Research | Bodkin Arrow |
| 22:54 | Research | Bodkin Arrow |
| 22:55 | Create | Villager (Male) |
| 23:00 | Build | University |
| 23:01 | Create | Villager (Male) |
| 23:15 | Build | Siege Workshop |
| 23:27 | Create | Villager (Male) |
| 23:42 | Build | Palisade Wall |
| 23:46 | Create | Villager (Male) |
Build order — VkA | Kaizen 改 善
First 150 of 229 actions detected
| 0:01 | Create | Villager (Male) |
| 0:01 | Create | Villager (Male) |
| 0:02 | Create | Villager (Male) |
| 0:03 | Build | House |
| 0:05 | Build | House |
| 0:31 | Create | Villager (Male) |
| 0:50 | Create | Villager (Male) |
| 0:50 | Create | Villager (Male) |
| 1:27 | Create | Villager (Male) |
| 1:55 | Build | Lumber Camp |
| 2:02 | Create | Villager (Male) |
| 2:19 | Create | Villager (Male) |
| 2:56 | Create | Villager (Male) |
| 3:13 | Create | Villager (Male) |
| 3:25 | Build | House |
| 3:36 | Create | Villager (Male) |
| 4:10 | Build | Mill |
| 4:27 | Create | Villager (Male) |
| 4:50 | Create | Villager (Male) |
| 5:27 | Create | Villager (Male) |
| 6:01 | Create | Villager (Male) |
| 6:24 | Research | Loom |
| 6:52 | Research | Feudal Age |
| 7:33 | Build | Barracks |
| 7:39 | Build | House |
| 8:00 | Create | Villager (Male) |
| 9:16 | Age | Feudal Age |
| 9:23 | Build | Stable |
| 9:26 | Research | Double-Bit Axe |
| 9:28 | Research | Horse Collar |
| 9:34 | Build | Farm |
| 9:37 | Create | Villager (Male) |
| 10:09 | Create | Scout Cavalry |
| 10:33 | Create | Villager (Male) |
| 10:36 | Build | House |
| 10:37 | Create | Scout Cavalry |
| 10:39 | Build | Farm |
| 10:41 | Create | Villager (Male) |
| 10:48 | Build | Farm |
| 10:49 | Create | Villager (Male) |
| 10:54 | Build | Palisade Wall |
| 10:55 | Build | Palisade Wall |
| 10:56 | Build | Palisade Wall |
| 10:58 | Build | Palisade Wall |
| 11:05 | Build | Farm |
| 11:26 | Build | Farm |
| 11:27 | Create | Villager (Male) |
| 11:31 | Build | Farm |
| 12:06 | Create | Scout Cavalry |
| 12:14 | Create | Villager (Male) |
| 12:19 | Build | House |
| 12:43 | Create | Scout Cavalry |
| 12:56 | Build | Farm |
| 12:56 | Build | Farm |
| 12:57 | Build | Farm |
| 12:57 | Build | Farm |
| 13:03 | Create | Scout Cavalry |
| 13:09 | Build | Farm |
| 13:10 | Build | Farm |
| 13:13 | Build | House |
| 13:28 | Build | Farm |
| 13:31 | Create | Villager (Male) |
| 13:35 | Build | Farm |
| 13:48 | Build | Palisade Wall |
| 13:49 | Build | Palisade Wall |
| 13:50 | Build | Palisade Wall |
| 13:53 | Create | Villager (Male) |
| 13:54 | Create | Scout Cavalry |
| 14:05 | Build | Farm |
| 14:07 | Create | Villager (Male) |
| 14:25 | Create | Scout Cavalry |
| 14:31 | Create | Villager (Male) |
| 14:34 | Build | Farm |
| 14:48 | Create | Villager (Male) |
| 14:51 | Create | Spearman |
| 14:56 | Build | Farm |
| 15:03 | Create | Scout Cavalry |
| 15:15 | Create | Spearman |
| 15:22 | Create | Villager (Male) |
| 15:48 | Build | House |
| 15:50 | Build | House |
| 16:06 | Create | Scout Cavalry |
| 16:07 | Create | Villager (Male) |
| 16:16 | Create | Scout Cavalry |
| 16:20 | Build | Blacksmith |
| 16:23 | Build | House |
| 16:24 | Create | Villager (Male) |
| 17:19 | Build | Watch Tower |
| 17:28 | Research | Scale Barding Armor |
| 17:41 | Build | Mill |
| 17:53 | Create | Villager (Male) |
| 18:02 | Create | Villager (Male) |
| 18:18 | Create | Villager (Male) |
| 19:20 | Create | Villager (Male) |
| 19:26 | Create | Villager (Male) |
| 20:09 | Create | Scout Cavalry |
| 20:09 | Create | Scout Cavalry |
| 20:15 | Research | Forging |
| 20:49 | Create | Villager (Male) |
| 21:00 | Build | House |
| 21:02 | Build | Palisade Wall |
| 22:39 | Build | Mining Camp |
| 22:42 | Create | Villager (Male) |
| 22:43 | Create | Villager (Male) |
| 22:55 | Build | Lumber Camp |
| 23:23 | Build | Market |
| 23:30 | Build | Palisade Wall |
| 23:38 | Build | House |
| 23:40 | Build | Palisade Wall |
| 23:40 | Create | Villager (Male) |
| 23:52 | Create | Villager (Male) |
| 24:18 | Build | Blacksmith |
| 24:21 | Build | Palisade Wall |
| 24:26 | Build | Palisade Wall |
| 24:28 | Create | Villager (Male) |
| 24:41 | Create | Villager (Male) |
| 25:02 | Create | Villager (Male) |
| 25:11 | Research | Castle Age |
| 25:47 | Research | Bloodlines |
| 26:06 | Build | Stable |
| 26:15 | Build | Stable |
| 26:19 | Build | Farm |
| 26:27 | Create | Villager (Male) |
| 27:00 | Research | Wheelbarrow |
| 27:15 | Build | House |
| 27:32 | Build | Farm |
| 27:49 | Build | House |
| 27:51 | Build | Palisade Wall |
| 27:51 | Age | Castle Age |
| 27:55 | Research | Husbandry |
| 27:58 | Create | Knight |
| 27:58 | Create | Knight |
| 28:11 | Build | House |
| 28:47 | Research | Chain Barding Armor |
| 28:48 | Create | Villager (Male) |
| 28:56 | Create | Knight |
| 29:02 | Build | House |
| 29:06 | Create | Knight |
| 29:31 | Create | Villager (Male) |
| 29:36 | Build | Monastery |
| 29:37 | Create | Villager (Male) |
| 29:59 | Create | Knight |
| 29:59 | Create | Knight |
| 30:01 | Create | Villager (Male) |
| 30:02 | Build | Farm |
| 30:06 | Create | Villager (Male) |
| 30:34 | Create | Knight |
| 30:34 | Create | Knight |
| 30:35 | Create | Monk |
| 30:42 | Build | House |
Build order — [GGnT] Nanito_Uy
First 150 of 437 actions detected
| 0:01 | Create | Villager (Male) |
| 0:02 | Build | House |
| 0:04 | Build | House |
| 0:08 | Create | Villager (Male) |
| 0:08 | Create | Villager (Male) |
| 0:08 | Create | Villager (Male) |
| 0:12 | Create | Villager (Male) |
| 1:14 | Create | Villager (Male) |
| 1:15 | Create | Villager (Male) |
| 1:19 | Build | Mill |
| 2:24 | Create | Villager (Male) |
| 2:47 | Create | Villager (Male) |
| 2:47 | Create | Villager (Male) |
| 3:09 | Create | Villager (Male) |
| 3:09 | Create | Villager (Male) |
| 3:25 | Build | House |
| 3:29 | Build | Lumber Camp |
| 3:34 | Create | Villager (Male) |
| 3:34 | Create | Villager (Male) |
| 3:45 | Create | Villager (Male) |
| 3:45 | Create | Villager (Male) |
| 4:14 | Create | Villager (Male) |
| 4:14 | Create | Villager (Male) |
| 4:15 | Create | Villager (Male) |
| 4:42 | Create | Villager (Male) |
| 5:04 | Create | Villager (Male) |
| 5:41 | Research | Loom |
| 5:41 | Research | Loom |
| 6:19 | Research | Feudal Age |
| 7:14 | Build | House |
| 7:35 | Build | Barracks |
| 7:37 | Build | Palisade Wall |
| 7:40 | Create | Villager (Male) |
| 8:26 | Age | Feudal Age |
| 8:30 | Create | Villager (Male) |
| 8:47 | Build | Stable |
| 8:53 | Create | Villager (Male) |
| 9:00 | Create | Villager (Male) |
| 9:18 | Create | Villager (Male) |
| 9:22 | Create | Scout Cavalry |
| 9:22 | Create | Scout Cavalry |
| 9:30 | Build | Palisade Wall |
| 9:31 | Build | Palisade Wall |
| 9:38 | Research | Double-Bit Axe |
| 9:47 | Build | Farm |
| 10:06 | Create | Scout Cavalry |
| 10:06 | Create | Scout Cavalry |
| 10:10 | Build | Farm |
| 10:21 | Create | Villager (Male) |
| 10:21 | Create | Villager (Male) |
| 10:38 | Build | House |
| 10:51 | Build | Farm |
| 10:52 | Build | Farm |
| 10:57 | Build | House |
| 10:59 | Build | Palisade Wall |
| 11:09 | Create | Scout Cavalry |
| 11:13 | Build | Farm |
| 11:49 | Create | Villager (Male) |
| 11:50 | Create | Villager (Male) |
| 11:52 | Build | Mill |
| 12:13 | Create | Villager (Male) |
| 12:13 | Create | Villager (Male) |
| 12:15 | Build | Farm |
| 12:16 | Build | Farm |
| 12:16 | Build | Farm |
| 12:16 | Build | Farm |
| 12:17 | Build | Farm |
| 12:40 | Create | Scout Cavalry |
| 12:40 | Create | Scout Cavalry |
| 12:45 | Build | Farm |
| 12:46 | Build | Farm |
| 12:46 | Create | Villager (Male) |
| 12:47 | Create | Villager (Male) |
| 12:49 | Build | House |
| 13:13 | Create | Scout Cavalry |
| 13:18 | Build | Farm |
| 13:19 | Build | Farm |
| 13:22 | Build | House |
| 13:44 | Create | Scout Cavalry |
| 13:45 | Create | Villager (Male) |
| 13:46 | Create | Villager (Male) |
| 14:03 | Create | Villager (Male) |
| 14:03 | Create | Villager (Male) |
| 14:07 | Build | Farm |
| 14:35 | Create | Villager (Male) |
| 14:35 | Create | Villager (Male) |
| 14:38 | Build | Farm |
| 14:40 | Build | House |
| 14:49 | Create | Scout Cavalry |
| 14:49 | Create | Villager (Male) |
| 15:01 | Create | Villager (Male) |
| 15:03 | Build | Blacksmith |
| 15:18 | Create | Scout Cavalry |
| 15:18 | Create | Scout Cavalry |
| 15:21 | Build | House |
| 15:22 | Create | Spearman |
| 15:51 | Build | House |
| 15:52 | Build | Palisade Wall |
| 15:56 | Build | Palisade Wall |
| 15:57 | Build | Palisade Wall |
| 16:01 | Create | Villager (Male) |
| 16:13 | Create | Spearman |
| 16:29 | Research | Scale Barding Armor |
| 16:29 | Research | Forging |
| 16:31 | Create | Villager (Male) |
| 16:31 | Create | Villager (Male) |
| 16:31 | Create | Villager (Male) |
| 16:36 | Create | Spearman |
| 17:03 | Create | Villager (Male) |
| 17:03 | Create | Villager (Male) |
| 17:17 | Create | Scout Cavalry |
| 17:17 | Create | Scout Cavalry |
| 17:46 | Create | Villager (Male) |
| 17:47 | Create | Villager (Male) |
| 17:51 | Build | Mining Camp |
| 18:00 | Create | Spearman |
| 18:03 | Build | Palisade Wall |
| 18:25 | Create | Villager (Male) |
| 18:32 | Build | Lumber Camp |
| 18:37 | Create | Villager (Male) |
| 18:42 | Build | Palisade Wall |
| 18:44 | Build | Palisade Wall |
| 19:11 | Create | Villager (Male) |
| 19:13 | Build | House |
| 19:30 | Create | Villager (Male) |
| 19:40 | Create | Villager (Male) |
| 19:42 | Build | Farm |
| 19:45 | Build | Farm |
| 19:46 | Build | Farm |
| 19:53 | Build | Farm |
| 20:34 | Build | Farm |
| 20:36 | Build | Farm |
| 20:37 | Build | Farm |
| 20:39 | Build | Farm |
| 20:41 | Build | Farm |
| 20:46 | Create | Villager (Male) |
| 20:50 | Create | Villager (Male) |
| 21:26 | Build | Farm |
| 21:28 | Create | Villager (Male) |
| 21:58 | Research | Castle Age |
| 22:29 | Build | Palisade Wall |
| 23:03 | Research | Gold Mining |
| 23:04 | Research | Horse Collar |
| 23:23 | Build | Stable |
| 23:36 | Build | Stable |
| 23:40 | Build | Palisade Wall |
| 24:11 | Create | Villager (Male) |
| 24:17 | Research | Bloodlines |
| 24:17 | Research | Bloodlines |
| 24:23 | Age | Castle Age |
Build order — VkA | God_VkA
First 150 of 323 actions detected
| 0:01 | Create | Villager (Male) |
| 0:01 | Create | Villager (Male) |
| 0:01 | Create | Villager (Male) |
| 0:02 | Build | House |
| 0:03 | Build | House |
| 0:18 | Create | Villager (Male) |
| 1:28 | Create | Villager (Male) |
| 2:06 | Create | Villager (Male) |
| 2:06 | Create | Villager (Male) |
| 2:21 | Create | Villager (Male) |
| 2:21 | Create | Villager (Male) |
| 2:50 | Create | Villager (Male) |
| 3:05 | Create | Villager (Male) |
| 3:06 | Create | Villager (Male) |
| 3:43 | Create | Villager (Male) |
| 3:50 | Build | Lumber Camp |
| 4:02 | Build | House |
| 4:09 | Create | Villager (Male) |
| 4:47 | Create | Villager (Male) |
| 5:06 | Create | Villager (Male) |
| 5:12 | Build | Mill |
| 5:29 | Create | Villager (Male) |
| 5:55 | Create | Villager (Male) |
| 6:26 | Research | Loom |
| 6:42 | Build | Barracks |
| 7:12 | Research | Feudal Age |
| 7:17 | Build | House |
| 8:11 | Build | Palisade Wall |
| 8:38 | Build | Palisade Wall |
| 9:16 | Create | Villager (Male) |
| 9:22 | Age | Feudal Age |
| 9:25 | Build | Stable |
| 9:35 | Research | Double-Bit Axe |
| 9:36 | Research | Horse Collar |
| 9:37 | Create | Spearman |
| 9:39 | Create | Villager (Male) |
| 9:44 | Build | Palisade Wall |
| 9:46 | Build | Palisade Wall |
| 9:50 | Create | Villager (Male) |
| 10:03 | Build | House |
| 10:05 | Create | Scout Cavalry |
| 10:37 | Create | Scout Cavalry |
| 10:39 | Build | House |
| 10:43 | Create | Spearman |
| 10:49 | Build | Farm |
| 11:02 | Create | Villager (Male) |
| 11:20 | Build | Farm |
| 11:21 | Build | Farm |
| 11:23 | Build | House |
| 11:25 | Create | Spearman |
| 11:44 | Create | Villager (Male) |
| 11:47 | Build | Farm |
| 11:50 | Build | Farm |
| 12:06 | Build | Farm |
| 12:13 | Build | Palisade Wall |
| 12:14 | Build | Palisade Wall |
| 12:16 | Build | Palisade Wall |
| 12:18 | Create | Villager (Male) |
| 12:39 | Build | Farm |
| 12:55 | Build | Palisade Wall |
| 13:01 | Create | Scout Cavalry |
| 13:06 | Create | Villager (Male) |
| 13:09 | Create | Spearman |
| 13:33 | Create | Scout Cavalry |
| 13:57 | Create | Scout Cavalry |
| 14:09 | Create | Villager (Male) |
| 14:18 | Create | Scout Cavalry |
| 14:36 | Create | Villager (Male) |
| 14:55 | Create | Scout Cavalry |
| 14:55 | Create | Villager (Male) |
| 15:10 | Create | Scout Cavalry |
| 15:11 | Create | Villager (Male) |
| 15:17 | Build | Stable |
| 15:23 | Create | Villager (Male) |
| 15:31 | Create | Villager (Male) |
| 15:34 | Build | Farm |
| 15:34 | Build | Farm |
| 15:34 | Build | Farm |
| 15:35 | Build | Farm |
| 15:52 | Build | Blacksmith |
| 15:52 | Create | Scout Cavalry |
| 16:14 | Build | Farm |
| 16:16 | Create | Villager (Male) |
| 16:21 | Build | House |
| 16:37 | Build | Lumber Camp |
| 16:38 | Research | Scale Barding Armor |
| 16:44 | Create | Scout Cavalry |
| 17:10 | Create | Scout Cavalry |
| 17:17 | Build | Watch Tower |
| 17:22 | Build | Mining Camp |
| 17:33 | Create | Villager (Male) |
| 17:34 | Create | Villager (Male) |
| 17:53 | Create | Scout Cavalry |
| 18:00 | Build | House |
| 18:18 | Create | Villager (Male) |
| 18:25 | Build | House |
| 18:31 | Build | House |
| 18:35 | Build | House |
| 19:09 | Build | House |
| 19:21 | Create | Villager (Male) |
| 19:24 | Create | Villager (Male) |
| 19:32 | Build | Farm |
| 19:41 | Build | Farm |
| 19:50 | Build | Farm |
| 19:56 | Build | Palisade Gate |
| 19:58 | Build | Farm |
| 20:07 | Create | Villager (Male) |
| 20:09 | Build | Farm |
| 20:20 | Build | Market |
| 20:26 | Create | Villager (Male) |
| 20:45 | Research | Bloodlines |
| 20:56 | Build | House |
| 21:36 | Create | Villager (Male) |
| 22:14 | Research | Castle Age |
| 22:25 | Create | Spearman |
| 23:03 | Create | Villager (Male) |
| 23:08 | Research | Gold Mining |
| 23:16 | Build | Farm |
| 23:17 | Build | Farm |
| 23:21 | Create | Spearman |
| 24:23 | Build | Stable |
| 24:33 | Build | Farm |
| 24:54 | Age | Castle Age |
| 24:56 | Create | Knight |
| 24:57 | Create | Knight |
| 24:57 | Create | Knight |
| 25:08 | Research | Chain Barding Armor |
| 25:09 | Research | Bow Saw |
| 25:10 | Research | Heavy Plow |
| 25:10 | Create | Villager (Male) |
| 25:13 | Build | Farm |
| 25:43 | Create | Knight |
| 25:43 | Create | Knight |
| 25:43 | Create | Knight |
| 25:48 | Build | Farm |
| 25:54 | Create | Villager (Male) |
| 25:57 | Build | Farm |
| 25:59 | Create | Knight |
| 26:34 | Create | Knight |
| 26:34 | Create | Knight |
| 26:35 | Create | Villager (Male) |
| 27:03 | Create | Knight |
| 27:03 | Create | Knight |
| 27:03 | Create | Knight |
| 27:11 | Create | Villager (Male) |
| 27:17 | Build | Farm |
| 27:18 | Build | Farm |
| 27:45 | Research | Husbandry |
| 27:52 | Create | Knight |
| 27:52 | Create | Knight |
Build order — VkA | GuiB
First 150 of 248 actions detected
| 0:01 | Create | Villager (Male) |
| 0:01 | Create | Villager (Male) |
| 0:02 | Create | Villager (Male) |
| 0:03 | Build | House |
| 0:04 | Build | House |
| 0:28 | Create | Villager (Male) |
| 1:25 | Create | Villager (Male) |
| 1:59 | Create | Villager (Male) |
| 2:22 | Create | Villager (Male) |
| 2:45 | Build | Lumber Camp |
| 2:54 | Research | Loom |
| 3:02 | Create | Villager (Male) |
| 3:02 | Create | Villager (Male) |
| 3:05 | Build | House |
| 4:00 | Create | Villager (Male) |
| 4:00 | Create | Villager (Male) |
| 4:15 | Create | Villager (Male) |
| 4:15 | Create | Villager (Male) |
| 5:19 | Build | Mill |
| 5:20 | Create | Villager (Male) |
| 6:13 | Create | Villager (Male) |
| 6:46 | Create | Villager (Male) |
| 6:56 | Build | House |
| 7:20 | Create | Villager (Male) |
| 8:17 | Research | Feudal Age |
| 9:10 | Build | Mill |
| 9:36 | Build | House |
| 9:39 | Build | Palisade Wall |
| 9:44 | Build | Barracks |
| 9:47 | Build | Palisade Wall |
| 10:20 | Build | Palisade Wall |
| 10:27 | Age | Feudal Age |
| 10:36 | Create | Villager (Male) |
| 10:41 | Build | House |
| 10:44 | Build | Palisade Wall |
| 10:46 | Create | Villager (Male) |
| 10:49 | Build | Archery Range |
| 10:58 | Build | Town Center |
| 11:02 | Create | Villager (Male) |
| 11:13 | Build | Palisade Wall |
| 11:17 | Research | Double-Bit Axe |
| 11:17 | Research | Horse Collar |
| 12:07 | Create | Archer |
| 12:39 | Create | Villager (Male) |
| 12:49 | Create | Villager (Male) |
| 12:54 | Create | Villager (Male) |
| 12:57 | Create | Villager (Male) |
| 13:05 | Build | Farm |
| 13:08 | Build | Farm |
| 13:11 | Build | Farm |
| 13:15 | Build | Farm |
| 13:17 | Build | Farm |
| 13:18 | Create | Villager (Male) |
| 13:22 | Build | House |
| 13:24 | Build | Palisade Wall |
| 13:33 | Build | House |
| 13:34 | Build | Palisade Wall |
| 13:38 | Build | Farm |
| 14:05 | Build | Farm |
| 14:27 | Create | Skirmisher |
| 14:30 | Create | Villager (Male) |
| 14:40 | Create | Villager (Male) |
| 14:43 | Build | Watch Tower |
| 14:52 | Build | House |
| 15:00 | Build | Farm |
| 15:01 | Build | Farm |
| 15:02 | Build | Farm |
| 15:04 | Create | Villager (Male) |
| 15:11 | Build | Farm |
| 15:24 | Build | Palisade Wall |
| 15:26 | Build | Palisade Wall |
| 15:28 | Create | Villager (Male) |
| 15:38 | Build | Farm |
| 15:52 | Create | Villager (Male) |
| 16:05 | Build | Mining Camp |
| 16:06 | Create | Villager (Male) |
| 16:21 | Create | Villager (Male) |
| 16:25 | Build | Farm |
| 16:30 | Build | Farm |
| 16:31 | Create | Villager (Male) |
| 17:01 | Create | Villager (Male) |
| 17:02 | Create | Villager (Male) |
| 17:06 | Build | Farm |
| 17:07 | Create | Villager (Male) |
| 17:18 | Build | Farm |
| 17:27 | Build | Farm |
| 17:31 | Create | Villager (Male) |
| 17:45 | Create | Villager (Male) |
| 17:45 | Create | Villager (Male) |
| 18:05 | Build | Farm |
| 18:08 | Create | Villager (Male) |
| 18:11 | Build | Farm |
| 18:11 | Create | Villager (Male) |
| 18:12 | Create | Villager (Male) |
| 18:40 | Create | Villager (Male) |
| 18:40 | Create | Villager (Male) |
| 18:46 | Build | Farm |
| 18:53 | Create | Villager (Male) |
| 19:23 | Build | House |
| 19:24 | Build | House |
| 19:28 | Build | House |
| 19:44 | Create | Villager (Male) |
| 19:44 | Create | Villager (Male) |
| 19:48 | Build | Farm |
| 19:52 | Build | Farm |
| 19:55 | Create | Villager (Male) |
| 19:56 | Create | Villager (Male) |
| 20:14 | Build | House |
| 20:14 | Build | House |
| 20:15 | Build | House |
| 20:18 | Research | Town Watch |
| 20:24 | Build | House |
| 20:32 | Create | Villager (Male) |
| 20:44 | Create | Villager (Male) |
| 20:45 | Create | Villager (Male) |
| 21:06 | Build | House |
| 21:18 | Build | Market |
| 21:26 | Create | Villager (Male) |
| 21:37 | Create | Villager (Male) |
| 21:37 | Create | Villager (Male) |
| 21:44 | Create | Villager (Male) |
| 21:52 | Create | Villager (Male) |
| 22:00 | Build | Blacksmith |
| 22:02 | Research | Castle Age |
| 22:05 | Research | Castle Age |
| 22:09 | Build | House |
| 22:09 | Build | House |
| 22:38 | Build | House |
| 22:39 | Build | House |
| 22:50 | Create | Villager (Male) |
| 22:54 | Create | Villager (Male) |
| 22:54 | Create | Villager (Male) |
| 23:04 | Create | Villager (Male) |
| 23:12 | Build | House |
| 23:17 | Build | Palisade Wall |
| 23:19 | Build | Palisade Wall |
| 23:34 | Create | Villager (Male) |
| 23:49 | Create | Villager (Male) |
| 24:00 | Research | Stone Mining |
| 24:45 | Age | Castle Age |
| 24:55 | Build | Castle |
| 25:04 | Research | Wheelbarrow |
| 25:08 | Build | Lumber Camp |
| 25:13 | Create | Villager (Male) |
| 25:13 | Create | Villager (Male) |
| 25:41 | Build | Palisade Wall |
| 25:58 | Create | Kipchak |
| 25:58 | Create | Kipchak |
| 26:22 | Create | Kipchak |
| 26:22 | Create | Kipchak |
Match timeline
| 3:25 | Crixus · wall_segment Palisade Wall x1 |
| 5:45 | VkA | LimaoNub · wall_segment Palisade Wall x1 |
| 6:42 | VkA | God_VkA · first_building Barracks |
| 7:33 | VkA | Kaizen 改 善 · first_building Barracks |
| 7:35 | [GGnT] Nanito_Uy · first_building Barracks |
| 7:37 | [GGnT] Nanito_Uy · wall_segment Palisade Wall x1 |
| 7:43 | VkA | LimaoNub · first_building Barracks |
| 7:44 | KTeuton3666 · first_building Barracks |
| 8:02 | AxD | Kurumi 002 · first_building Barracks |
| 8:11 | VkA | God_VkA · wall_segment Palisade Wall x3 |
| 8:26 | [GGnT] Nanito_Uy · age_up feudal |
| 8:31 | Crixus · first_building Barracks |
| 8:38 | VkA | God_VkA · wall_segment Palisade Wall x4 |
| 8:47 | [GGnT] Nanito_Uy · first_building Stable |
| 8:55 | KTeuton3666 · first_building Stable |
| 9:15 | VkA | LimaoNub · age_up feudal |
| 9:16 | Crixus · wall_segment Palisade Wall x1 |
| 9:16 | VkA | Kaizen 改 善 · age_up feudal |
| 9:19 | AxD | Kurumi 002 · age_up feudal |
| 9:22 | VkA | LimaoNub · first_building Archery Range |
| 9:22 | VkA | God_VkA · age_up feudal |
| 9:23 | VkA | Kaizen 改 善 · first_building Stable |
| 9:25 | VkA | God_VkA · first_building Stable |
| 9:26 | AxD | Kurumi 002 · first_building Archery Range |
| 9:30 | [GGnT] Nanito_Uy · wall_segment Palisade Wall x1 |
| 9:31 | [GGnT] Nanito_Uy · wall_segment Palisade Wall x1 |
| 9:39 | VkA | LimaoNub · wall_segment Palisade Wall x1 |
| 9:39 | VkA | GuiB · wall_segment Palisade Wall x11 |
| 9:44 | VkA | God_VkA · wall_segment Palisade Wall x7 |
| 9:44 | VkA | GuiB · first_building Barracks |
| 9:46 | VkA | God_VkA · wall_segment Palisade Wall x15 |
| 9:47 | VkA | GuiB · wall_segment Palisade Wall x1 |
| 10:15 | Crixus · age_up feudal |
| 10:19 | Crixus · first_building Archery Range |
| 10:20 | VkA | GuiB · wall_segment Palisade Wall x8 |
| 10:27 | VkA | GuiB · age_up feudal |
| 10:44 | VkA | GuiB · wall_segment Palisade Wall x2 |
| 10:48 | VkA | LimaoNub · wall_segment Palisade Wall x4 |
| 10:49 | VkA | GuiB · first_building Archery Range |
| 10:51 | VkA | LimaoNub · wall_segment Palisade Wall x4 |
| 10:52 | VkA | LimaoNub · wall_segment Palisade Wall x6 |
| 10:54 | VkA | Kaizen 改 善 · wall_segment Palisade Wall x1 |
| 10:55 | VkA | Kaizen 改 善 · wall_segment Palisade Wall x1 |
| 10:56 | VkA | Kaizen 改 善 · wall_segment Palisade Wall x1 |
| 10:58 | VkA | Kaizen 改 善 · wall_segment Palisade Wall x1 |
| 10:59 | VkA | LimaoNub · wall_segment Palisade Wall x5 |
| 10:59 | [GGnT] Nanito_Uy · wall_segment Palisade Wall x7 |
| 11:13 | VkA | GuiB · wall_segment Palisade Wall x1 |
| 11:56 | Crixus · wall_segment Palisade Wall x3 |
| 11:58 | VkA | LimaoNub · wall_segment Palisade Wall x7 |
| 12:02 | VkA | LimaoNub · wall_segment Palisade Wall x13 |
| 12:13 | VkA | God_VkA · wall_segment Palisade Wall x3 |
| 12:14 | VkA | God_VkA · wall_segment Palisade Wall x7 |
| 12:16 | VkA | God_VkA · wall_segment Palisade Wall x7 |
| 12:27 | Crixus · wall_segment Palisade Wall x1 |
| 12:33 | Crixus · wall_segment Palisade Wall x1 |
| 12:49 | Crixus · wall_segment Palisade Wall x12 |
| 12:55 | VkA | God_VkA · wall_segment Palisade Wall x11 |
| 12:57 | Crixus · wall_segment Palisade Wall x11 |
| 13:00 | VkA | LimaoNub · wall_segment Palisade Wall x4 |
| 13:24 | VkA | GuiB · wall_segment Palisade Wall x3 |
| 13:34 | VkA | GuiB · wall_segment Palisade Wall x7 |
| 13:48 | VkA | Kaizen 改 善 · wall_segment Palisade Wall x1 |
| 13:49 | VkA | Kaizen 改 善 · wall_segment Palisade Wall x1 |
| 13:50 | VkA | Kaizen 改 善 · wall_segment Palisade Wall x1 |
| 14:29 | AxD | Kurumi 002 · wall_segment Palisade Wall x6 |
| 15:24 | VkA | GuiB · wall_segment Palisade Wall x4 |
| 15:26 | VkA | GuiB · wall_segment Palisade Wall x4 |
| 15:52 | [GGnT] Nanito_Uy · wall_segment Palisade Wall x6 |
| 15:56 | [GGnT] Nanito_Uy · wall_segment Palisade Wall x7 |
| 15:57 | [GGnT] Nanito_Uy · wall_segment Palisade Wall x5 |
| 16:22 | AxD | Kurumi 002 · wall_segment Palisade Wall x11 |
| 16:34 | KTeuton3666 · wall_segment Palisade Wall x12 |
| 16:36 | KTeuton3666 · wall_segment Palisade Wall x3 |
| 16:39 | KTeuton3666 · wall_segment Palisade Wall x7 |
| 16:40 | KTeuton3666 · wall_segment Palisade Wall x13 |
| 16:40 | AxD | Kurumi 002 · wall_segment Palisade Wall x14 |
| 16:42 | KTeuton3666 · wall_segment Palisade Wall x10 |
| 16:44 | KTeuton3666 · wall_segment Palisade Wall x1 |
| 16:50 | KTeuton3666 · wall_segment Palisade Wall x11 |
| 16:51 | KTeuton3666 · wall_segment Palisade Wall x4 |
| 18:03 | [GGnT] Nanito_Uy · wall_segment Palisade Wall x3 |
| 18:42 | [GGnT] Nanito_Uy · wall_segment Palisade Wall x8 |
| 18:44 | [GGnT] Nanito_Uy · wall_segment Palisade Wall x2 |
| 18:45 | AxD | Kurumi 002 · wall_segment Palisade Wall x13 |
| 19:19 | AxD | Kurumi 002 · wall_segment Palisade Wall x11 |
| 19:59 | AxD | Kurumi 002 · wall_segment Palisade Wall x4 |
| 20:33 | KTeuton3666 · wall_segment Palisade Wall x1 |
| 21:02 | VkA | Kaizen 改 善 · wall_segment Palisade Wall x1 |
| 21:30 | VkA | God_VkA · first_market_sell 100 wood |
| 21:32 | VkA | God_VkA · first_market_buy 100 food |
| 21:37 | VkA | LimaoNub · first_market_buy 100 wood |
| 22:22 | VkA | LimaoNub · first_market_sell 100 wood |
| 22:29 | [GGnT] Nanito_Uy · wall_segment Palisade Wall x1 |
| 22:50 | AxD | Kurumi 002 · age_up castle |
| 22:52 | AxD | Kurumi 002 · wall_segment Palisade Wall x4 |
| 23:15 | AxD | Kurumi 002 · first_building Siege Workshop |
| 23:17 | VkA | GuiB · wall_segment Palisade Wall x1 |
| 23:19 | VkA | GuiB · wall_segment Palisade Wall x1 |
| 23:30 | VkA | Kaizen 改 善 · wall_segment Palisade Wall x9 |
| 23:40 | VkA | Kaizen 改 善 · wall_segment Palisade Wall x6 |
| 23:40 | [GGnT] Nanito_Uy · wall_segment Palisade Wall x2 |
| 23:42 | AxD | Kurumi 002 · wall_segment Palisade Wall x1 |
| 23:46 | Crixus · wall_segment Stone Wall x1 |
| 24:07 | AxD | Kurumi 002 · first_market_sell 100 food |
| 24:08 | AxD | Kurumi 002 · first_market_buy 100 wood |
| 24:14 | Crixus · wall_segment Stone Wall x1 |
| 24:20 | KTeuton3666 · first_building Monastery |
| 24:21 | VkA | Kaizen 改 善 · wall_segment Palisade Wall x2 |
| 24:23 | [GGnT] Nanito_Uy · age_up castle |
| 24:26 | VkA | Kaizen 改 善 · wall_segment Palisade Wall x1 |
| 24:45 | VkA | GuiB · age_up castle |
| 24:48 | [GGnT] Nanito_Uy · wall_segment Palisade Wall x1 |
| 24:49 | [GGnT] Nanito_Uy · wall_segment Palisade Wall x1 |
| 24:54 | VkA | God_VkA · age_up castle |
| 24:55 | VkA | GuiB · first_building Castle |
| 25:04 | VkA | Kaizen 改 善 · first_market_buy 100 food |
| 25:11 | VkA | LimaoNub · age_up castle |
| 25:24 | VkA | GuiB · first_market_buy 100 wood |
| 25:41 | VkA | GuiB · wall_segment Palisade Wall x3 |
| 27:17 | VkA | GuiB · first_market_sell 100 food |
| 27:51 | VkA | Kaizen 改 善 · wall_segment Palisade Wall x8 |
| 27:51 | VkA | Kaizen 改 善 · age_up castle |
| 29:01 | Crixus · age_up castle |
| 29:34 | Crixus · first_market_buy 100 stone |
| 29:36 | VkA | Kaizen 改 善 · first_building Monastery |
| 31:35 | Crixus · first_market_sell 100 food |
| 32:31 | [GGnT] Nanito_Uy · wall_segment Palisade Wall x2 |
| 32:31 | [GGnT] Nanito_Uy · wall_segment Palisade Wall x3 |
| 33:14 | VkA | Kaizen 改 善 · first_market_sell 100 wood |
| 34:10 | [GGnT] Nanito_Uy · first_building Castle |
| 34:31 | VkA | GuiB · wall_segment Palisade Wall x3 |
| 35:05 | KTeuton3666 · first_building Castle |
| 36:01 | Crixus · first_building Siege Workshop |
| 36:14 | VkA | God_VkA · wall_segment Palisade Wall x1 |
| 36:28 | Crixus · wall_segment Stone Wall x3 |
| 37:30 | VkA | GuiB · first_building Siege Workshop |
| 38:16 | Crixus · wall_segment Stone Wall x10 |
| 38:26 | KTeuton3666 · first_building Archery Range |
| 38:50 | AxD | Kurumi 002 · first_building Castle |
| 38:56 | Crixus · wall_segment Stone Wall x6 |
| 39:06 | Crixus · wall_segment Stone Wall x9 |
| 40:16 | Crixus · first_building Monastery |
| 40:39 | VkA | LimaoNub · first_building Monastery |
| 40:47 | KTeuton3666 · first_market_sell 500 wood |
| 41:59 | VkA | LimaoNub · resign |
| 43:29 | [GGnT] Nanito_Uy · age_up imperial |
| 43:45 | Crixus · age_up imperial |
[ AI ANALYSIS · 1 CREDIT ]
What really happened in this match?
Wolo.gg analyzes every decision: build order, eco, micro, common mistakes by bracket. Personalized analysis on WhatsApp or Discord in 30 seconds.
Civ guide
Georgians
Perfil
KTeuton3666